 Dungeon Crawl Stone Soup version 0.20-a0-983-g35de22d (webtiles) character file.

19 M4edhros the Grave Robber (level 2, 0/17 HPs)
             Began as an Octopode Necromancer on Apr 10, 2017.
             Slain by a bat (1 damage)
             ... on level 3 of the Dungeon.
             The game lasted 00:01:04 (265 turns).

M4edhros the Grave Robber (Octopode Necromancer)     Turns: 265, Time: 00:01:05

Health: 0/17       AC:  1    Str:  7    XL:     2   Next: 75%
Magic:  0/5        EV: 13    Int: 17    God:
Gold:   39         SH:  0    Dex: 12    Spells: 3/5 levels left

rFire    . . .     SeeInvis .     - Unarmed
rCold    . . .     Gourm    .   (no shield)
rNeg     . . .     Faith    .   (helmet restricted)
rPois    .         Spirit   .   (no amulet)
rElec    .         Reflect  .   (no ring)
rCorr    .         Harm     .   (no ring)
MR       .....                  (no ring)
Stlth    +++.......             (no ring)
Regen    0.1/turn               (no ring)
MPRegen  0.1/turn               (no ring)
                                (no ring)
                                (no ring)

@: no status effects
A: almost no armour, stealthy swim, amphibious, 8 rings, constrict 8, camouflage
1, gelatinous body 1
a: no special abilities


You were on level 3 of the Dungeon.
You were not hungry.

You visited 1 branch of the dungeon, and saw 3 of its levels.

You collected 39 gold pieces.

Inventory:

Scrolls
 c - a scroll of identify {unknown}
 e - a scroll of enchant armour {unknown}
 g - a scroll of fog {unknown}
Potions
 d - a potion of lignification {unknown}
 h - a potion of haste {unknown}
Books
 a - a book of Necromancy

   Spells                             Type                      Level
   a - Pain                           Necromancy                   1
   b - Animate Skeleton               Necromancy                   1
   c - Vampiric Draining              Necromancy                   3
   d - Regeneration                   Charms/Necromancy            3
   e - Animate Dead                   Necromancy                   4
   f - Control Undead                 Necromancy                   4
Comestibles
 b - 2 bread rations
 f - 6 chunks of flesh


   Skills:
 - Level 2.0 Dodging
 - Level 2.6 Stealth
 + Level 2.2 Unarmed Combat
 - Level 2.0 Spellcasting
 - Level 4.0 Necromancy


You had 3 spell levels left.
You knew the following spells:

 Your Spells              Type           Power        Failure   Level  Hunger
a - Pain                  Necr           ###.         3%          1    #......
b - Animate Skeleton      Necr           N/A          3%          1    #......


Dungeon Overview and Level Annotations

Branches:
Dungeon (3/15)

Altars:


Innate Abilities, Weirdness & Mutations

You cannot wear most types of armour.
You are very stealthy in the water. (Stealth+)
You are amphibious.
You can wear up to eight rings at the same time.
You can use your tentacles to constrict eight enemies at once.
Your skin changes colour to match your surroundings (Stealth+).
Your rubbery body absorbs attacks. (AC +1, EV +1)


Message History

Press: ? - help, Shift-Dir - straight line, f/p - bat
Aim: a bat (chance to defeat MR: 85%)
The bat barely resists.
The bat closely misses you.
Casting: Pain
Confirm with . or Enter, or press ? or * to list all spells.
Aiming: Pain
Press: ? - help, Shift-Dir - straight line, f/p - bat
Aim: a bat (chance to defeat MR: 85%)
The bat barely resists.
The bat closely misses you.
Casting: Pain
Confirm with . or Enter, or press ? or * to list all spells.
Aiming: Pain
Press: ? - help, Shift-Dir - straight line, f/p - bat
Aim: a bat (chance to defeat MR: 85%)
The bat writhes in agony!
The bat hits you but does no damage.
You barely miss the bat. You grab the bat.
The bat is severely wounded.
You constrict the bat, but do no damage.
The bat misses you. The bat hits you.
You die...

## .. ##.
########..
.........#
........b#
.......@.#
.....)..#..#
##...##.# ##
##. #.. ..
#.# #. ..# .
..# ..#


You could see a bat.

Vanquished Creatures
  An adder (D:2)
  2 goblins
  A hobgoblin (D:1)
  5 bats (D:2)
  A rat (D:2)
10 creatures vanquished.

Notes
Turn   | Place    | Note
-------+----------+-------------------------------------------
     0 | D:1      | M4edhros the Octopode Necromancer began the quest for the Orb.
     0 | D:1      | Reached XP level 1. HP: 11/11 MP: 3/3
    49 | D:1      | Learned a level 1 spell: Animate Skeleton
    82 | D:2      | Reached skill level 1 in Unarmed Combat
    82 | D:2      | Reached XP level 2. HP: 11/17 MP: 0/5
   265 | D:3      | Slain by a bat

Vault maps used:
D:1:      doesnt_arrival_eight_statues
D:2:      first_bread, okawaru_metal_pillars_1_2
D:3:      minmay_misc_feat_four_crosses, guppyfry_early_lair_pool

Skill      XL: |  1  2 |
---------------+-------+-----
Unarmed Combat | 1 2 |  2.2
Dodging        | |  2.0
Stealth        | |  2.6
Spellcasting   | |  2.0
Necromancy     | |  4.0

Action                   || total
-------------------------++-------
Melee: Unarmed           ||    21
       Constrict         ||     3
 Cast: Pain              ||    20
       Animate Skeleton  ||     3
Armor: Skin              ||     6
Dodge: Dodged            ||    31
